 Dungeon Crawl Stone Soup version 0.17.1-1-g73c8601 (webtiles) character file.

435 ImaNewbie the Vexing (level 7, 0/46 HPs)
             Began as a Formicid Enchanter on Jan 5, 2016.
             Killed by divine providence
             ... invoked by an orc priest
              (12 damage)
             ... on level 5 of the Dungeon.
             The game lasted 00:29:26 (5401 turns).

ImaNewbie the Vexing (Formicid Enchanter)           Turns: 5401, Time: 00:29:26

Health: 0/46       AC:  5    Str: 15    XL:     7   Next: 21%
Magic:  6/21       EV: 12    Int: 14    God:
Gold:   257        SH:  0    Dex: 11    Spells: 4 memorised, 4 levels left

rFire  . . .     SeeInvis +     a - +2 short sword (speed)
rCold  . . .     Clarity  .     A - +1 robe
rNeg   + . .     SustAt   .     (no shield)
rPois  .         Gourm    .     (helmet unavailable)
rElec  .         Spirit   .     i - +0 cloak
rCorr  .         Warding  +     D - +0 pair of gloves
rMut   .         Stasis   +     (no boots)
MR     .....                    g - amulet of warding
Stlth  ++........               H - ring of wizardry
                                f - ring of magical power

@: very slightly contaminated, not resistant to hostile enchantments, unstealthy
A: permanent stasis, dig shafts and tunnels, four strong arms, antennae 3
a: Dig, Shaft Self


You were on level 5 of the Dungeon.
You were not hungry.

You visited 1 branch of the dungeon, and saw 5 of its levels.

You collected 257 gold pieces.

Inventory:

Hand Weapons
 a - a +2 short sword of speed (weapon)
 t - a +0 whip
Missiles
 v - 2 needles of sleeping
 w - 6 poisoned needles
Armour
 i - a +0 cloak (worn)
 n - a cursed +0 leather armour
 A - a +1 robe (worn)
 D - a +0 pair of gloves (worn)
 L - a +0 chain mail
Magical Staves
 b - an uncursed staff of wizardry
Jewellery
 f - a ring of magical power (left hand)
 g - an amulet of warding (around neck)
 H - a ring of wizardry (right hand)
Scrolls
 e - a scroll of fear {unknown}
 j - 3 scrolls of enchant weapon {unknown}
 l - a scroll of fog {unknown}
 m - a scroll of noise {unknown}
 u - a scroll of random uselessness {unknown}
 x - a scroll of recharging {unknown}
 y - 2 scrolls of identify {unknown}
 E - 3 scrolls of amnesia {unknown}
 I - a scroll of blinking {unknown}
Potions
 k - a potion of beneficial mutation {unknown}
 p - a potion of cancellation {unknown}
 q - a potion of brilliance {unknown}
 z - a potion of magic {unknown}
 C - a potion of agility {unknown}
 F - 3 potions of poison {unknown}
 G - a potion of invisibility {unknown}
 J - 3 potions of curing {unknown}
 K - a potion of berserk rage {unknown}
Books
 c - a book of Maledictions

   Spells                             Type                      Level
   a - Corona                         Hexes                        1
   b - Ensorcelled Hibernation        Hexes/Ice                    2
   c - Confuse                        Hexes                        3
   d - Tukima's Dance                 Hexes                        3
   e - Dazzling Spray                 Conjuration/Hexes            3
Comestibles
 d - 5 bread rations
 h - a meat ration
 o - 6 fruits
 r - a slice of pizza
 s - a chunk of flesh
 B - a beef jerky


   Skills:
 - Level 1.0 Short Blades
 * Level 3.7 Maces & Flails
 - Level 2.4 Armour
 - Level 1.7 Dodging
 - Level 3.6 Stealth
 + Level 3.6 Spellcasting
 - Level 6.2 Hexes


You had 4 spell levels left.
You knew the following spells:

 Your Spells              Type           Power        Failure   Level  Hunger
a - Corona                Hex            ###....      1%          1    None
b - Tukima's Dance        Hex            ###.....     2%          3    ###....
c - Confuse               Hex            ###.....     2%          3    ###....
d - Ensorcelled Hibernat  Hex/Ice        ##....       4%          2    ##.....


Dungeon Overview and Level Annotations

Branches:
Dungeon (5/15)
 Temple: D:4-7

Altars:
Cheibriados
Elyvilon
Nemelex Xobeh
Vehumet
The Shining One


Innate Abilities, Weirdness & Mutations

You are under a permanent stasis effect.
You can dig through walls and to a lower floor.
Your four strong arms can wield two-handed weapons with a shield.
You have a pair of large antennae on your head (SInv).


Message History

The orc priest calls upon Beogh to heal the orc priest.
The orc priest's wounds heal themselves!
Your dagger hits the orc.
The orc dies!
Casting: Tukima's Dance
Confirm with . or Enter, or press ? or * to list all spells.
Aiming: Tukima's Dance
Press: ? - help, Shift-Dir - straight line, f - orc priest
Aim: an orc priest, wielding a hand axe and wearing a leather armour (chance to defeat MR: 76%)
The orc priest barely resists.
Casting: Tukima's Dance
Confirm with . or Enter, or press ? or * to list all spells.
Aiming: Tukima's Dance
Press: ? - help, Shift-Dir - straight line, f/p - orc priest
Aim: an orc priest, wielding a hand axe and wearing a leather armour (chance to defeat MR: 76%)
The hand axe dances into the air!
The orc priest barely misses your hand axe.
The orc priest invokes the aid of Beogh against you.
Something smites you!
You die...

#.).÷###### ######....#
#.........# #.###.....#
#.#.......# #.#.#.....######
...#..........#
#############.#..........#
#.)..oo(.@...............#
#.##.#####(.)....#.#........#
#....#.....#####.#...########
####.#.....# #...#...#
.##.o..## #(###.#.# .o'.....#
#.....#.# §o.#######
######### .... .....


You could see 2 orc priests, an orc wizard and 2 friendly dancing weapons.

Vanquished Creatures
  Eustachio (D:4)
  An orc priest (D:5)
  A hound zombie (D:5)
  3 adders
  7 gnolls
  2 oozes
  An adder skeleton (D:4)
  4 worms
  4 giant geckos
  8 orcs
  6 bats
  10 giant cockroaches
  9 goblins
  14 hobgoblins
  13 jackals
  11 kobolds
  A ball python (D:1)
  3 giant newts
  4 quokkas
  A quokka zombie (D:5)
  11 rats
115 creatures vanquished.

Vanquished Creatures (collateral kills)
  An orc wizard (D:4)
  4 gnolls
  An adder skeleton (D:5)
  3 orcs
9 creatures vanquished.

Vanquished Creatures (others)
  3 dancing weapons
3 creatures vanquished.

Grand Total: 127 creatures vanquished

Notes
Turn   | Place    | Note
--------------------------------------------------------------
     0 | D:1      | ImaNewbie the Formicid Enchanter began the quest for the Orb.
     0 | D:1      | Reached XP level 1. HP: 13/13 MP: 3/3
   265 | D:1      | Reached skill level 4 in Hexes
   311 | D:1      | Reached XP level 2. HP: 8/19 MP: 5/5
   998 | D:1      | Reached XP level 3. HP: 16/24 MP: 6/6
  1192 | D:1      | Reached skill level 5 in Hexes
  1748 | D:2      | Reached XP level 4. HP: 28/30 MP: 7/7
  1765 | D:2      | Learned a level 3 spell: Tukima's Dance
  1791 | D:2      | Found a white marble altar of Elyvilon.
  2293 | D:2      | Found a sparkling altar of Nemelex Xobeh.
  2448 | D:2      | Reached skill level 1 in Armour
  2986 | D:2      | Reached skill level 6 in Hexes
  2986 | D:2      | Reached XP level 5. HP: 33/35 MP: 7/8
  3223 | D:2      | Found a glowing golden altar of the Shining One.
  3223 | D:2      | Found a snail-covered altar of Cheibriados.
  3743 | D:3      | Reached skill level 1 in Maces & Flails
  3848 | D:3      | Reached XP level 6. HP: 41/41 MP: 9/9
  4401 | D:4      | Noticed Eustachio
  4446 | D:4      | Killed Eustachio
  4454 | D:4      | Learned a level 3 spell: Confuse
  4457 | D:4      | Learned a level 2 spell: Ensorcelled Hibernation
  4580 | D:4      | Found a radiant altar of Vehumet.
  5006 | D:5      | Entered Level 5 of the Dungeon
  5029 | D:5      | Reached XP level 7. HP: 40/46 MP: 12/12
  5401 | D:5      | Killed from afar by an orc priest

Action                   |  1- 3 |  4- 6 |  7- 9 || total
-------------------------+-------+-------+-------++-------
Melee: Dagger            |    96 |       |       ||    96
       Short sword       |    69 |   311 |    38 ||   418
 Cast: Corona            |     7 |    13 |     2 ||    22
       Tukima's Dance    |       |    12 |     7 ||    19
 Abil: Dig               |       |       |     1 ||     1
 Stab: Distracted        |     2 |       |     1 ||     3
       Sleeping          |     1 |     8 |       ||     9
  Eat: Chunk             |     3 |    12 |     2 ||    17
